 Dungeon Crawl Stone Soup version 0.30-a0-862-g1aabd4f9c5 (webtiles) character file.

Game seed: 9831431238919465070

93 Mickster the Trooper (level 4, 0/29 HPs)
             Began as a Gargoyle Chaos Knight on Mar 9, 2023.
             Was a Plaything of Xom.
             Slain by an orc
             ... wielding a +0 hand axe
              (3 damage)
             ... on level 3 of the Dungeon.
             The game lasted 00:21:37 (1630 turns).

Mickster the Trooper (Gargoyle Chaos Knight)        Turns: 1630, Time: 00:21:41

Health: 0/29       AC: 12    Str: 17    XL:     4   Next: 62%
Magic:  4/4        EV:  2    Int: 13    God:    Xom [..*...]
Gold:   71         SH: 12    Dex:  9    Spells: 3/3 levels left

rFire   . . .      SeeInvis .    a - +1 falchion (chaos)
rCold   . . .      Faith    .    e - +2 tower shield
rNeg    + . .      Spirit   .    g - +0 chain mail
rPois   ∞          Reflect  .    (no helmet)
rElec   +          Rampage  .    (no cloak)
rCorr   .                        (no gloves)
Will    .....                    (no boots) Stlth
                                 (no amulet)
HPRegen 0.24/turn                (no ring)
MPRegen 0.09/turn                (no ring)

@: no status effects
A: sickness immunity, AC +3, negative energy resistance 1, electricity
resistance, torment resistance 1, petrification resistance, wild magic 1
a: Renounce Religion


You were on level 3 of the Dungeon.
You worshipped Xom.
You were a toy of Xom.
You visited 1 branch of the dungeon, and saw 3 of its levels.

You collected 71 gold pieces.

Inventory:

Hand Weapons
 a - a +1 falchion of chaos (weapon)
 f - a +2 short sword of venom
 j - a +0 sling
 n - a +1 dagger of freezing
Missiles
 d - 15 stones
 m - 6 poisoned darts (quivered)
Armour
 b - a +2 leather armour
 e - a +2 tower shield (worn)
 g - a +0 chain mail (worn)
 o - a +0 chain mail
Wands
 i - a wand of polymorph (2)
Scrolls
 k - a scroll of identify
Miscellaneous
 c - a piece from Xom's chessboard (14/15)


   Skills:
 + Level 3.9 Fighting
 - Level 1.4(2.5) Short Blades
 * Level 3.2(3.4) Long Blades
 + Level 3.0 Armour
 + Level 1.0 Dodging
 + Level 0.2 Stealth
 + Level 1.2 Shields


You had 3 spell levels left.
You didn't know any spells.
Your spell library was empty.

Dungeon Overview and Level Annotations

Branches:
Dungeon (3/15)

Altars:


Innate Abilities, Weirdness & Mutations

You are immune to sickness and miasma.
Your stone body is resilient. (AC +3)
You are immune to poison.
You resist negative energy. (rN+)
You are resistant to electric shocks. (rElec)
You are resistant to unholy torment.
You are immune to petrification.
Your spells are a little harder to cast, but a little more powerful.


Message History

* * * LOW HITPOINT WARNING * * *
The orc hits you but does no damage.
You closely miss the orc. You block the adder's attack.
The orc hits you but does no damage. You block the orc's attack.
The orc hits you with a +1 hand axe of venom.
* * * LOW HITPOINT WARNING * * *
You completely miss the orc. The adder bites you.
* * * LOW HITPOINT WARNING * * *
The orc hits you with a +0 hand axe.
* * * LOW HITPOINT WARNING * * *
You block the orc's attack. x2; The adder bites you but does no damage.
The orc hits you but does no damage. The orc barely misses you.
You block the orc's attack.
You slash the orc! You burn the orc.
You kill the orc!
Your butterfly disappears in a puff of smoke!
You block the bat's attack. x2; The orc hits you with a +0 hand axe.
* * * LOW HITPOINT WARNING * * *
You block the orc's attack. You block the adder's attack.
The bat hits you but does no damage.
Your Armour skill increases to level 3!
Aiming: Polymorph
Press: ? - help, Shift-Dir - straight line, f - orc
Aim: an orc, wielding a +0 hand axe, wearing a +2 scale mail of fire resistance and quivering boomerangs (will become a goblin, a frilled lizard, or an endoplasm, chance to affect: 66%)
The orc evaporates and reforms as a goblin!
You block the bat's attack. The orc hits you but does no damage.
You block the adder's attack.
The adder is no longer moving slowly.
You block the bat's attack.
The goblin picks up a +0 hand axe.
The goblin wields a +0 hand axe.
The orc barely misses you.
There is a large open door here.
Items here: ( )) [ †.
You completely miss the goblin. You block the bat's attack.
The adder bites you but does no damage.
The goblin picks up 2 boomerangs.
You block the orc's attack. The adder bites you but does no damage.
The goblin picks up a +2 scale mail of fire resistance.
The goblin wears a +2 scale mail of fire resistance.
The orc hits you with a +0 hand axe.
You die...
Xom thinks this is hilarious!

......#.....!♣♣ ♣♣......#
..##.##.......♣♣♣♣.......#
..# ##........♣♣........#
.... ##.......♣♣.......#
..##. ##....§.♣♣......#
... ##.....♣♣.....##
##..§.......##
##.b......## ####S@####
.......ogo......
..........b.###.
#.!.....##....# #.#.....#
#....# # #.....# #....
........ .... .#.#.#.. ...


You could see an orc priest (ally target), an adder, an orc, a goblin and a bat.

Vanquished Creatures
  Jessica (D:2)
  4 adders
  2 orcs (D:3)
  5 ball pythons
  A bat (D:2)
  3 endoplasms (D:2)
  2 giant cockroaches
  A goblin (D:1)
  2 hobgoblins (D:2)
  3 jackals (D:3)
  3 frilled lizards
  3 kobolds
  A rat (D:2)
31 creatures vanquished.

Notes
Turn   | Place    | Note
-------+----------+-------------------------------------------
     0 | D:1      | Mickster the Gargoyle Chaos Knight began the quest for the
                  | Orb.
     0 | D:1      | Reached XP level 1. HP: 14/14 MP: 1/1
    36 | D:1      | XOM: divination: detect items
   204 | D:1      | XOM: silly message
   285 | D:1      | XOM: potion effect (might)
   493 | D:2      | Reached XP level 2. HP: 19/19 MP: 2/2
   653 | D:2      | XOM: silly message
   698 | D:2      | XOM: smoke on damage
   712 | D:2      | Reached XP level 3. HP: 23/23 MP: 3/3
   743 | D:2      | Gained mutation: Your spells are a little harder to cast,
                  | but a little more powerful. [potion of mutation]
   812 | D:2      | Noticed Jessica
   819 | D:2      | Killed Jessica
   820 | D:2      | Reached skill level 1 in Short Blades
   865 | D:2      | Reached skill level 1 in Dodging
   865 | D:2      | Reached skill level 1 in Shields
   865 | D:2      | Reached XP level 4. HP: 26/29 MP: 4/4
   944 | D:2      | XOM: silly message
  1428 | D:3      | XOM: 1-stop teleportation journey
  1497 | D:3      | XOM: 1-stop teleportation journey
  1616 | D:3      | XOM: butterfly on damage
  1630 | D:3      | Slain by an orc

Illustrated notes

Levels and vault maps discovered:
D:1:      minmay_arrival_widening_spiral_wide, layout_rooms,
          minmay_misc_feat_tiny, minmay_misc_feat_iff, item_on_display_b
D:2:      layout_basic, shapermc_ecumenical_altar_mp_vishouse,
          grunt_ministairs_10, moated_statue, nicolae_half_adder, uniq_jessica
D:3:      layout_basic, serial_shops, shop, kennysheep_cross_room,
          nrook_mini_backslash

Skill      XL: |  1  2  3  4 |
---------------+-------------+-----
Long Blades    | 3 |  3.2
Short Blades   | 1 |  1.4
Dodging        | 1 |  1.0
Shields        | 1 |  1.2
Armour         | 3 |  3.0
Fighting       | |  3.9
Stealth        | |  0.2

Action                     |  1- 3 |  4- 6 || total
---------------------------+-------+-------++-------
  Melee: Falchion          |    17 |    41 ||    58
         Short sword       |    40 |     9 ||    49
         Unarmed           |     2 |       ||     2
  Evoke: Wand              |       |     1 ||     1
         Piece from Xom's  |       |     1 ||     1
    Use: Scroll            |     3 |     2 ||     5
         Potion            |     2 |     1 ||     3
 Armour: Leather armour    |    15 |       ||    15
         Chain mail        |    20 |    48 ||    68
  Dodge: Dodged            |    18 |     9 ||    27
  Block: Tower shield      |    32 |    72 ||   104

Table legend: (Time is in decaauts)
 A = Elapsed time spent in this place.
 B = Non-inter-level travel time spent in this place.
 C = Inter-level travel time spent in this place.
 D = Time resting spent in this place.
 E = Time spent auto-exploring this place.
 F = Levels seen in this place.
 G = Mean time per level.
                   A        B        C        D        E       F      G
               +--------+--------+--------+--------+--------+-----+--------+
         Total |   1664 |   1491 |    173 |     44 |      0 |   3 |  554.7 |
       Dungeon |   1664 |   1491 |    173 |     44 |      0 |   3 |  554.7 |
               +--------+--------+--------+--------+--------+-----+--------+

Top non-repeatable levels by time:
     D:2: 956 daAuts
     D:1: 453 daAuts
     D:3: 253 daAuts
